 Dungeon Crawl Stone Soup version 0.20.1-1-g8b1a95d (webtiles) character file.

51643 letownia2 the Reanimator (level 14, 0/128 (130) HPs)
             Began as a Deep Dwarf Necromancer on Nov 5, 2017.
             Was an Initiate of Gozag.
             Slain by an ettin
             ... wielding a +0 dire flail
              (28 damage)
             ... on level 2 of the Orcish Mines.
             The game lasted 01:19:34 (21166 turns).

letownia2 the Reanimator (Deep Dwarf Necromancer)  Turns: 21166, Time: 01:19:35

HP:   0/128 (130)   AC: 20    Str: 15    XL:     14   Next: 24%
MP:   37/41         EV: 14    Int: 25    God:    Gozag
Gold: 1337          SH:  0    Dex: 13    Spells: 14/33 levels left

rFire    + . .     SeeInvis +   a - +8 mace of the Rat {flame, rPois rF+ MP+9}
rCold    . . .     Gourm    .   (no shield)
rNeg     + + .     Faith    .   S - +4 ring mail
rPois    +         Spirit   .   F - +0 Maxwell's etheric cage {RegenMP+ *Contam rElec MP+4}
rElec    +         Reflect  .   j - +3 cloak of the Special Lovers {Int+3 SInv}
rCorr    .         Harm     .   o - +1 pair of gloves
MR       ++...                  p - +0 pair of boots of the Buccaneer {rPois} (curse)
Stlth    +.........             (no amulet)
Regen    0.0/turn               x - +4 ring of intelligence
MPRegen  0.3/turn               C - ring of positive energy

@: very slightly contaminated, non-regenerating
A: damage resistance, heal wounds, negative energy resistance 1, sense
surroundings 2, no regeneration
a: Heal Wounds, Potion Petition, Call Merchant, Bribe Branch, Renounce Religion


You were on level 2 of the Orcish Mines.
You worshipped Gozag.
Gozag was most pleased with you.
You were not hungry.

You visited 4 branches of the dungeon, and saw 20 of its levels.
You also visited: Bailey.

You collected 6451 gold pieces.
You spent 550 gold pieces at shops.
You paid 4564 gold pieces to Gozag.

Inventory:

Hand Weapons
 a - the +8 mace of the Rat (weapon) {flame, rPois rF+ MP+9}
   (You took it off a centaur warrior on level 13 of the Dungeon)

   It has been specially enchanted to burn those struck by it, causing extra
   injury to most foes and up to half again as much damage against particularly
   susceptible opponents.
   It protects you from fire.
   It protects you from poison.
   It affects your magic capacity (+9).
 c - a +0 blowgun
 w - a +0 battleaxe
 W - a +4 dagger of electrocution
 Y - a +0 war axe of chopping
Missiles
 b - 2 poisoned javelins (quivered)
 t - 9 curare-tipped needles
 A - 2 throwing nets
Armour
 h - a +2 cloak of magic resistance
 j - the +3 cloak of the Special Lovers (worn) {Int+3 SInv}
   (You bought it in a shop on level 2 of the Lair of Beasts)

   It affects your intelligence (+3).
   It lets you see invisible.
 o - a +1 pair of gloves (worn)
 p - the cursed +0 pair of boots of the Buccaneer (worn) {rPois}
   (You bought it in a shop on level 2 of the Lair of Beasts)

   It protects you from poison.
   It has a curse placed upon it.
 F - the +0 Maxwell's etheric cage (worn) {RegenMP+ *Contam rElec MP+4}
   (You found it on level 10 of the Dungeon)

   It insulates you from electricity.
   It affects your magic capacity (+4).
   It causes magical contamination when unequipped.
 L - a +2 plate armour of poison resistance
 R - the +1 leather armour "Zomig" {rF++ Int+5 Stlth-}
   (You found it on level 8 of the Dungeon)

   It affects your intelligence (+5).
   It greatly protects you from fire.
   It makes you less stealthy.
 S - a +4 ring mail (worn)
Jewellery
 x - a +4 ring of intelligence (left hand)
 y - an uncursed ring of protection from magic
 C - a ring of positive energy (right hand)
 T - an uncursed ring of resist corrosion
 X - an uncursed ring of protection from cold
Wands
 u - a wand of paralysis (9/24)
 B - a wand of flame (27/48)
 M - a wand of paralysis (12/24)
 Q - a wand of paralysis (7/24)
 U - a wand of acid (0/15)
Scrolls
 f - a scroll of recharging
 i - 4 scrolls of identify
 v - 7 scrolls of remove curse
 E - 8 scrolls of teleportation
 N - a scroll of fog
 V - a scroll of blinking
Potions
 d - 4 potions of heal wounds
 g - 4 potions of flight
 k - 5 potions of lignification
 l - 3 potions of brilliance
 m - 10 potions of curing {unknown}
 n - 6 potions of mutation
 q - 3 potions of invisibility
 r - 3 potions of berserk rage
 s - a potion of magic
 z - a potion of resistance
 D - 2 potions of haste
 I - 4 potions of agility
 O - 4 potions of might
 P - a potion of cancellation
Comestibles
 e - 14 bread rations
 J - 4 meat rations


   Skills:
 - Level 9.6 Fighting
 + Level 6.3 Axes
 + Level 8.4 Armour
 - Level 6.4 Dodging
 - Level 2.4 Stealth
 + Level 10.3 Spellcasting
 - Level 3.2 Conjurations
 - Level 2.1 Charms
 + Level 14.1 Necromancy
 - Level 3.5 Translocations
 - Level 2.1 Fire Magic
 - Level 3.7 Air Magic
 - Level 3.9 Poison Magic
 - Level 5.0 Evocations


You had 14 spell levels left.
You knew the following spells:

 Your Spells              Type           Power        Failure   Level  Hunger
a - Pain                  Necr           ####         1%          1    None
b - Blink                 Tloc           N/A          2%          2    None
c - Conjure Flame         Conj/Fire      ####....     9%          3    None
e - Mephitic Cloud        Conj/Pois/Air  ####....     5%          3    None
q - Poisonous Vapours     Pois/Air       ####..       2%          2    None
s - Swiftness             Chrm/Air       ####....     3%          2    None
v - Vampiric Draining     Necr           ######....   1%          3    None
x - Inner Flame           Hex/Fire       ###.....     16%         3    None


Dungeon Overview and Level Annotations

Branches:
Dungeon (14/15)            Temple (1/1) D:5            Lair (3/6) D:8
  Snake (0/4) Lair:3          Orc (2/2) D:11            Elf (0/3) Orc:2
 Vaults (0/5) D:14
  Swamp: Lair:2-4    Shoals: Lair:2-4

Altars:
Ashenzari
Cheibriados
Dithmenos
Elyvilon
Fedhas
Gozag
Hepliaklqana
Kikubaaqudgha
Makhleb
Nemelex Xobeh
Okawaru
Qazlal
Ru
Sif Muna
Trog
Uskayaw
Vehumet
Xom
Yredelemnul
Zin
The Shining One

Shops:
D:8 (*   D:11 (   Orc:2 (%%   Lair:2 ?[[

Annotations:
D:4 exclusion: statue
D:10 Snorg
D:12 exclusion: orange crystal statue, LiquoriceLizzard's ghost, journeyman GrFi


Innate Abilities, Weirdness & Mutations

You are resistant to damage.
You can heal yourself by infusing magical energy.
You resist negative energy. (rN+)
You passively map the area around you.
You do not regenerate.


Message History

Evoke which item? (* to show all) (? for menu, Esc to quit)
Aiming: Paralyse
Press: ? - help, Shift-Dir - straight line, f/p - smoke demon
Aim: a smoke demon (heavily wounded, chance to defeat MR: 26%)
The smoke demon suddenly stops moving!
This wand has 7 charges left.
The ettin is engulfed in noxious fumes.
The ettin hits you with a dire flail! The ettin hits you with a great mace.
You hit the ettin but do no damage.
The ettin seems less confused.
The ettin hits you but does no damage. The ettin closely misses you.
Casting: Mephitic Cloud
Confirm with . or Enter, or press ? or * to list all spells.
Aiming: Vampiric Draining
Press: ? - help, Shift-Dir - straight line, f - ettin, p - smoke demon
Aim: an ettin, wielding a dire flail and a great mace The ettin is lightly wounded.
You feel life coursing into your body. The ettin hits you with a dire flail!!
* * * LOW HITPOINT WARNING * * *
The ettin hits you with a great mace!!
You die...
Your body crumbles into a pile of gold.

##..............#...))##..
#...............#....####.
##......(.......##'##.'.##
#.......(..#....##≈####..#
#...............#### #..#
#.....3.........##########
#.....<..§................
#.......C§§..............#
##.......@................
##......<..........#......
#...........#....##.......
##................##......
#.........................
#........#....#...........
##......#.................
#........#....#...#.<.....
##..#............###......


You could see an ettin and a smoke demon (paralysed).

Vanquished Creatures
  2 orc warlords
  Azrael (Orc:2)
  The ghost of soepske the Carver, a journeyman DsFi of Okawaru (Lair:1)
  2 hydras
  3 centaur warriors (D:13)
  6 two-headed ogres
  Erica (D:9)
  2 tengu warriors (D:13)
  Urug (D:14)
  Sonja (Lair:2)
  Pikel (D:7)
  3 orc knights
  An orc sorcerer (Orc:2)
  11 ugly things
  2 manticores
  4 cyclopes
  3 centaur zombies
  A black mamba (Lair:1)
  A gargoyle (D:13)
  4 spiny frogs
  A komodo dragon (shapeshifter) (D:14)
  A komodo dragon (Lair:2)
  An efreet (D:13)
  6 trolls
  The ghost of Darkyelf the Covered, an amateur FoAK of Lugonu (D:5)
  A hornet (D:10)
  2 slime creatures
  4 blink frogs
  5 hippogriffs
  A meliai zombie (D:11)
  2 shadows
  Sigmund (D:5)
  9 yaks
  2 fire elementals (Orc:2)
  4 wyverns
  2 basilisks
  9 vampire mosquitoes
  A hungry ghost (D:8)
  Edmund (D:5)
  4 wargs
  A naga (Lair:3)
  3 soldier ants
  2 insubstantial wisps (Lair:2)
  An acid dragon (D:11)
  5 water moccasins
  2 porcupines (Lair:2)
  A hell hound (Orc:2)
  Duvessa (D:5)
  A hornet zombie (D:13)
  5 ice beasts
  2 sky beasts
  4 phantoms
  3 black bears
  2 necrophages (D:9)
  41 orc warriors
  4 slaves
  8 ogres
  3 wolves (Lair:2)
  The ghost of letownia2 the Grave Robber, an amateur DDNe (D:4)
  9 centaurs
  5 crocodiles
  A big kobold (D:13)
  Blork the orc (D:5)
  21 bullfrogs
  A wyvern zombie (D:13)
  A water moccasin zombie (D:8)
  3 wyvern skeletons
  Dowan (D:5)
  4 scorpions
  A water moccasin skeleton (D:7)
  16 killer bees
  7 wights
  3 electric eels (Lair:1)
  3 howler monkeys
  8 crimson imps
  A quasit (D:8)
  2 bullfrog zombies
  5 hounds
  2 gnoll shamans
  8 jellies
  3 centaur skeletons
  18 orc priests
  25 orc wizards
  Ijyb (D:5)
  5 iguanas
  18 worker ants
  2 hound skeletons
  2 worker ant zombies
  30 gnolls
  A howler monkey skeleton (D:9)
  11 adders
  2 shadow imps
  An ooze (D:2)
  An adder skeleton (D:9)
  5 adder zombies
  3 worms
  2 dart slugs
  5 leopard geckos
  113 orcs
  A ball python (D:1)
  10 giant cockroaches
  23 goblins
  19 hobgoblins
  4 jackals (D:1)
  4 quokkas
  9 bats
  9 frilled lizards
  A giant cockroach zombie (D:5)
  A jackal zombie (D:5)
  11 kobolds
  A leopard gecko skeleton (D:9)
  9 rats
  A plant (Lair:2)
653 creatures vanquished.

Vanquished Creatures (collateral kills)
  3 fire elementals (Orc:2)
  A hell hound (Orc:2)
4 creatures vanquished.

Vanquished Creatures (others)
  Erolcha (Orc:1)
  2 dancing weapons (D:14)
  A vampire mosquito (Lair:2)
  A swamp drake (D:8)
  A black bear (Lair:2)
  A wyvern skeleton (D:13)
  A plant (Lair:1)
  4 toadstools (D:1)
12 creatures vanquished.

Grand Total: 669 creatures vanquished

Notes
Turn   | Place    | Note
-------+----------+-------------------------------------------
     0 | D:1      | letownia2 the Deep Dwarf Necromancer began the quest for the Orb.
     0 | D:1      | Reached XP level 1. HP: 15/15 MP: 3/3
   137 | D:2      | Found a shimmering altar of Xom.
   196 | D:3      | Found a shadowy altar of Dithmenos.
   202 | D:3      | Found a shattered altar of Ashenzari.
   405 | D:4      | Found a white marble altar of Elyvilon.
   405 | D:4      | Found a basalt altar of Yredelemnul.
   405 | D:4      | Found a snail-covered altar of Cheibriados.
   429 | D:4      | Reached XP level 2. HP: 22/22 MP: 1/5
   753 | D:4      | Reached skill level 5 in Necromancy
   753 | D:4      | Reached XP level 3. HP: 22/28 MP: 0/7
   758 | D:4      | Learned a level 3 spell: Vampiric Draining
   908 | D:4      | Found a radiant altar of Vehumet.
   908 | D:4      | Noticed a frost-covered statue
   949 | D:5      | Entered Level 5 of the Dungeon
  1008 | D:5      | Noticed a centaur
  1057 | D:5      | Noticed Darkyelf's ghost (amateur FoAK)
  1097 | D:4      | Noticed letownia2's ghost (amateur DDNe)
  1124 | D:5      | Reached XP level 4. HP: 23/36 MP: 0/8
  1216 | D:5      | Noticed Dowan
  1217 | D:5      | Noticed Duvessa
  1451 | D:5      | Noticed Blork the orc
  1557 | D:5      | Killed Blork the orc
  1557 | D:5      | Reached skill level 6 in Necromancy
  1557 | D:5      | Reached XP level 5. HP: 14/42 MP: 0/9
  1653 | D:5      | Found a staircase to the Ecumenical Temple.
  1662 | Temple   | Entered the Ecumenical Temple
  1709 | Temple   | Became a worshipper of Gozag Ym Sagoz the Greedy
  1967 | D:5      | HP: 2/42 [bullfrog zombie (4)]
  2264 | D:3      | Reached skill level 7 in Necromancy
  2852 | D:2      | Reached XP level 6. HP: 23/49 MP: 8/10
  3184 | D:2      | Found a white marble altar of Elyvilon.
  3859 | D:1      | Reached skill level 1 in Armour
  4458 | D:5      | Noticed Edmund
  4477 | D:5      | Noticed Ijyb
  4484 | D:5      | Killed Ijyb
  4718 | D:6      | Reached skill level 1 in Fighting
  4718 | D:6      | Reached skill level 1 in Evocations
  4718 | D:6      | Reached XP level 7. HP: 50/57 MP: 11/11
  4799 | D:6      | Reached skill level 8 in Necromancy
  4845 | D:6      | Found an ancient bone altar of Kikubaaqudgha.
  4896 | D:6      | Noticed a hippogriff
  4916 | D:6      | Killed a hippogriff
  5077 | D:6      | Reached XP level 8. HP: 45/68 MP: 6/13
  5473 | D:5      | Noticed Sigmund
  5478 | D:5      | Killed Sigmund
  5478 | D:5      | Reached skill level 5 in Spellcasting
  5524 | D:5      | Found a burning altar of Makhleb.
  5551 | D:5      | Killed Edmund
  5798 | D:5      | Killed Darkyelf's ghost
  5798 | D:5      | Gained mutation: You passively map the area around you. [Deep Dwarf growth]
  5798 | D:5      | Reached XP level 9. HP: 47/74 MP: 17/19
  5819 | D:5      | Killed Dowan
  5820 | D:5      | Killed Duvessa
  6009 | D:4      | Killed letownia2's ghost
  6497 | D:7      | Got a slimy steel ring
  7016 | D:7      | Noticed Pikel
  7299 | D:8      | Identified the ring of Rixzuwush {*Tele MR+} (You found it on level 7 of the Dungeon)
  7623 | D:8      | Got a faintly glowing leather armour
  7636 | D:8      | Identified the cursed +1 leather armour "Zomig" {rF++ Int+5 Stlth-} (You found it on level 8 of the Dungeon)
  7990 | D:8      | Reached skill level 5 in Evocations
  7990 | D:8      | Reached XP level 10. HP: 66/84 MP: 7/23
  8006 | D:8      | Reached skill level 9 in Necromancy
  8192 | D:8      | Found a staircase to the Lair.
  8533 | D:9      | Noticed a two-headed ogre
  8551 | D:9      | Killed a two-headed ogre
  8593 | D:8      | Reached skill level 5 in Fighting
  8647 | D:8      | Reached skill level 5 in Dodging
  8907 | D:9      | Noticed Erica
  8984 | D:8      | Reached skill level 10 in Necromancy
  9395 | D:7      | Killed Pikel
  9395 | D:7      | Reached XP level 11. HP: 77/97 MP: 18/24
 10040 | D:10     | Entered Level 10 of the Dungeon
 10240 | D:10     | Reached skill level 11 in Necromancy
 10781 | D:10     | Noticed Snorg
 10803 | D:9      | Learned a level 2 spell: Poisonous Vapours
 10807 | D:9      | Learned a level 3 spell: Mephitic Cloud
 10810 | D:9      | Learned a level 2 spell: Swiftness
 10938 | D:11     | Noticed a green ugly thing
 10941 | D:11     | Killed a green ugly thing
 10941 | D:11     | Reached skill level 1 in Conjurations
 10941 | D:11     | Reached skill level 1 in Charms
 10947 | D:11     | Reached skill level 1 in Air Magic
 10947 | D:11     | Reached skill level 1 in Poison Magic
 11012 | D:11     | Found Qail's Antique Weapon Shop.
 11235 | D:11     | Found a staircase to the Orcish Mines.
 11581 | D:12     | Noticed a two-headed ogre
 11588 | D:12     | Noticed a white ugly thing
 11620 | D:12     | Noticed a four-headed hydra
 11629 | D:12     | Killed a four-headed hydra
 11633 | D:12     | Killed a white ugly thing
 11709 | D:12     | Found a flagged portal.
 11808 | D:12     | Noticed LiquoriceLizzard's ghost (journeyman GrFi)
 11841 | Bailey   | Entered a bailey
 12016 | Bailey   | Noticed an orc knight
 12056 | Bailey   | Killed an orc knight
 12129 | Bailey   | Noticed an orc knight
 12174 | Bailey   | Killed an orc knight
 12174 | Bailey   | Reached XP level 12. HP: 101/104 MP: 25/25
 12299 | Bailey   | Noticed an orc warlord
 12531 | Bailey   | Killed an orc warlord
 12531 | Bailey   | Reached skill level 5 in Armour
 12531 | Bailey   | Reached skill level 12 in Necromancy
 13003 | D:12     | Killed a two-headed ogre
 13258 | Orc:1    | Entered Level 1 of the Orcish Mines
 13404 | Orc:1    | Noticed Erolcha
 13432 | Orc:1    | Killed Erolcha
 13493 | Orc:1    | Noticed a two-headed ogre
 13524 | Orc:1    | Killed a two-headed ogre
 13605 | Orc:1    | Noticed an orc warlord
 13991 | Lair:1   | Entered Level 1 of the Lair of Beasts
 14031 | Lair:1   | Noticed soepske's ghost (journeyman DsFi)
 14059 | Lair:1   | Killed soepske's ghost
 14059 | Lair:1   | Reached skill level 13 in Necromancy
 14834 | Lair:2   | Identified 2 scrolls of acquirement
 14857 | Lair:2   | Bought a jewelled cloak for 275 gold pieces
 14857 | Lair:2   | Bought a pair of distressingly furry boots for 275 gold pieces
 14867 | Lair:2   | Identified the +3 cloak of the Special Lovers {Int+3 SInv} (You bought it in a shop on level 2 of the Lair of Beasts)
 14877 | Lair:2   | Identified the cursed +0 pair of boots of the Buccaneer {rPois} (You bought it in a shop on level 2 of the Lair of Beasts)
 14999 | Lair:2   | Noticed Sonja
 15015 | Lair:2   | Killed Sonja
 15740 | Lair:2   | Reached XP level 13. HP: 113/119 MP: 26/26
 16378 | D:13     | Reached skill level 1 in Axes
 16577 | D:13     | Reached skill level 14 in Necromancy
 16693 | D:13     | Learned a level 3 spell: Conjure Flame
 16696 | D:13     | Learned a level 2 spell: Blink
 17014 | D:13     | Reached skill level 1 in Fire Magic
 17043 | D:13     | Got an uncursed ivory mace {flame}
 17139 | D:13     | Identified the +8 mace of the Rat {flame, rPois rF+ MP+9} (You took it off a centaur warrior on level 13 of the Dungeon)
 17221 | D:14     | Reached skill level 1 in Translocations
 17461 | D:14     | Found a blossoming altar of Fedhas.
 17686 | D:14     | Noticed Urug
 17722 | D:14     | Killed Urug
 17829 | D:14     | Found a gate to the Vaults.
 17838 | D:14     | Learned a level 3 spell: Inner Flame
 17909 | D:14     | Found a shattered altar of Ashenzari.
 18607 | Orc:1    | Killed an orc warlord
 18607 | Orc:1    | Reached skill level 5 in Axes
 18833 | Orc:2    | Entered Level 2 of the Orcish Mines
 18901 | Orc:2    | Found Hacudy's Antique Weapon Boutique.
 19205 | Orc:2    | Gained mutation: You resist negative energy. (rN+) [Deep Dwarf growth]
 19205 | Orc:2    | Reached XP level 14. HP: 101/128 MP: 27/27
 19405 | Orc:2    | Noticed Azrael
 19505 | Orc:2    | Reached skill level 10 in Spellcasting
 19586 | Orc:2    | Killed Azrael
 19808 | Orc:2    | Found a staircase to the Elven Halls.
 20121 | Orc:2    | Found Lis Sudi's Food Emporium.
 20147 | Orc:2    | Found Vutaut's Food Shoppe.
 20360 | D:9      | Killed Erica
 20735 | Lair:3   | Found a staircase to the Snake Pit.
 21166 | Orc:2    | Slain by an ettin

Skill      XL: |  1  2  3  4  5  6  7  8  9 10 11 12 13 14 |
---------------+-------------------------------------------+-----
Spellcasting   | 2 3 7 9 10 | 10.3
Necromancy     | 5 6 7 8 10 11 13 14 | 14.1
Armour         | 2 3 4 5 7 8 |  8.4
Fighting       | 1 2 3 6 9 |  9.6
Evocations     | 1 3 4 5 |  5.0
Dodging        | 6 |  6.4
Conjurations   | 2 3 |  3.2
Charms         | 2 |  2.1
Air Magic      | 3 |  3.7
Poison Magic   | 3 |  3.9
Axes           | 5 6 |  6.3
Fire Magic     | 2 |  2.1
Translocations | 3 |  3.5
Stealth        | |  2.4

Action                   |  1- 3 |  4- 6 |  7- 9 | 10-12 | 13-15 || total
-------------------------+-------+-------+-------+-------+-------++-------
Melee: Short sword       |    12 |    55 |       |       |       ||    67
       Dagger            |       |    32 |   308 |   802 |   143 ||  1285
       Flail             |       |       |     9 |       |       ||     9
       Mace              |       |       |       |       |   215 ||   215
Throw: Javelin           |       |       |       |       |     8 ||     8
 Cast: Pain              |    28 |    93 |     2 |    28 |    13 ||   164
       Vampiric Draining |     5 |    31 |    66 |   335 |   211 ||   648
       Mephitic Cloud    |       |       |       |    11 |    28 ||    39
       Poisonous Vapours |       |       |       |    40 |   119 ||   159
       Blink             |       |       |       |       |    11 ||    11
       Conjure Flame     |       |       |       |       |     9 ||     9
       Swiftness         |       |       |       |       |     1 ||     1
Invok: Call Merchant     |       |       |       |     4 |     1 ||     5
Evoke: Wand              |       |       |       |    14 |    21 ||    35
       Box of beasts     |       |       |       |       |     3 ||     3
  Use: Scroll            |       |    11 |     2 |    16 |     6 ||    35
       Potion            |       |     2 |       |       |       ||     2
 Stab: Sleeping          |     1 |     1 |       |       |       ||     2
       Invisible         |       |     1 |       |       |       ||     1
       Distracted        |       |       |     2 |     1 |     1 ||     4
       Paralysed         |       |       |       |     9 |     8 ||    17
       Confused          |       |       |       |     6 |     3 ||     9
  Eat: Chunk             |       |     4 |     2 |     6 |       ||    12
       Meat ration       |       |     2 |     1 |     2 |     3 ||     8
       Royal jelly       |       |     1 |     1 |     4 |       ||     6
       Bread ration      |       |       |     1 |       |       ||     1
       Fruit             |       |       |       |     5 |     2 ||     7
Armor: Robe              |     1 |       |       |       |       ||     1
       Leather armour    |     6 |     7 |     2 |   187 |       ||   202
       Ring mail         |       |    39 |    81 |   172 |   314 ||   606
       Scale mail        |       |     9 |    92 |       |       ||   101
       Skin              |       |     6 |       |       |       ||     6
Dodge: Dodged            |    30 |    97 |   185 |   763 |   455 ||  1530
